 Dungeon Crawl Stone Soup version 0.26-a0-784-g51bffae0b1 (webtiles) character file.

Game seed: 6965829940048369036

37720 EnegeticOcto the Archer (level 13, 12/92 HPs)
             Began as an Octopode Delver on Nov 10, 2020.
             Was a Believer of Ru.
             Quit the game on level 15 of the Dungeon.
             The game lasted 01:00:08 (43168 turns).

EnegeticOcto the Archer (Octopode Delver)          Turns: 43168, Time: 01:00:09

Health: 12/92      AC:  1    Str: 11    XL:     13   Next: 98%
Magic:  20/20      EV: 19    Int: 14    God:    Ru [**....]
Gold:   1446       SH:  5    Dex: 19    Spells: 6/12 levels left

rFire    . . .     SeeInvis +   P - +4 longbow (flame)
rCold    + . .     Faith    .   (shield currently unavailable)
rNeg     . . .     Spirit   .   (helmet restricted)
rPois    +         Reflect  +   C - amulet of reflection
rElec    .         Harm     .   e - ring of stealth
rCorr    .         Rampage  .   z - ring of poison resistance
MR       +....                  k - ring of protection from magic
Stlth    ++++++....             h - ring of see invisible
HPRegen  0.25/turn              R - ring of protection from cold
MPRegen  0.17/turn              (no ring)
                                (no ring)
                                (no ring)

@: no status effects
A: almost no armour, stealthy swim, amphibious, 8 rings, constrict 8, camouflage
1, gelatinous body 1, inexperienced 1
a: Renounce Religion


You were on level 15 of the Dungeon.
You worshipped Ru.
Ru was pleased with you.
You visited 4 branches of the dungeon, and saw 24 of its levels.

You collected 2094 gold pieces.
You spent 648 gold pieces at shops.

Inventory:

Hand Weapons
 j - a +2 rapier of venom
   (You took it off Duvessa on level 5 of the Dungeon)
 B - a +4 dagger of distortion
   (You took it off Psyche on level 10 of the Dungeon)
 P - a +4 longbow of flaming (weapon)
   (You found it on level 5 of the Lair of Beasts)
Missiles
 i - 60 poisoned darts
 n - 3 atropa-tipped darts
 G - 14 curare-tipped darts
 Q - 635 arrows (quivered)
Armour
 T - the +3 hat of Pondering {ponderous, MR+ MP+10 Int+5}
   (You took it off Gastronok on level 11 of the Dungeon)

   It affects your intelligence (+5).
   It affects your resistance to hostile enchantments.
   It affects your magic capacity (+10).
Jewellery
 e - a ring of stealth (left tentacle)
   (You found it on level 5 of the Dungeon)
 h - a ring of see invisible (on tentacle)
   (You found it on level 10 of the Dungeon)
 k - a ring of protection from magic (on tentacle)
   (You found it on level 9 of the Dungeon)
 t - an uncursed amulet of faith {unknown}
   (You found it on level 15 of the Dungeon)
 z - a ring of poison resistance (right tentacle)
   (You found it on level 8 of the Dungeon)
 C - an amulet of reflection (around mantle)
   (You found it on level 13 of the Dungeon)
 J - an uncursed ring of ice
   (You found it on level 2 of the Lair of Beasts)
 R - a ring of protection from cold (on tentacle)
   (You found it on level 5 of the Lair of Beasts)
Wands
 a - a wand of polymorph (18)
   (You found it on level 6 of the Dungeon)
 f - a wand of digging (2) {@v3}
 q - a wand of disintegration (4)
   (You found it on level 14 of the Dungeon)
 w - a wand of flame (70) {@v4}
   (You found it on level 7 of the Dungeon)
 A - a wand of paralysis (7)
   (You found it on level 8 of the Dungeon)
Scrolls
 b - 3 scrolls of fog {!r}
 c - 12 scrolls of identify {@r1}
 d - 6 scrolls of fear {!r}
 g - 5 scrolls of magic mapping {@r5 !r}
 l - 7 scrolls of teleportation {@r3 !r}
 o - a scroll of blinking {@r4}
 r - a scroll of enchant armour
 u - 11 scrolls of remove curse {@r2}
 E - a scroll of holy word
 K - a scroll of summoning
 N - a scroll of immolation
 U - a scroll of silence
Potions
 m - 9 potions of curing {@q1 !q}
 p - 2 potions of mutation
 s - a potion of flight
 v - 3 potions of might {@q3 !q}
 x - a potion of magic
 D - 5 potions of heal wounds {@q2 !q}
 H - 2 potions of resistance
 L - 2 potions of berserk rage
 O - a potion of haste {@q4 !q}
Miscellaneous
 I - a box of beasts (inert)
   (You found it on level 4 of the Lair of Beasts)


   Skills:
 - Level 10.0 Fighting
 - Level 14.0 Short Blades
 * Level 14.6 Bows
 - Level 7.4 Throwing
 - Level 8.0 Dodging
 - Level 8.0 Stealth
   Level 8.4 Shields
   Level 10.0 Invocations
 - Level 4.0 Evocations


You had 6 spell levels left.
You knew the following spells:

 Your Spells              Type           Power        Failure   Level
a - Petrify               Tmut/Erth      #.......     96%         4
Y - Blink                 Tloc           N/A          41%         2

Your spell library contained the following spells:

 Spells                   Type           Power        Failure   Level
 Animate Skeleton         Necr           #.....       28%         1
 Apportation              Tloc           #.....       28%         1
 Corona                   Hex            #......      28%         1
 Foxfire                  Conj/Fire      #...         28%         1
 Magic Dart               Conj           #...         28%         1
 Pain                     Necr           #...         28%         1
 Sting                    Tmut/Pois      #...         28%         1
 Summon Small Mammal      Summ           #...         28%         1
 Call Imp                 Summ           #.......     41%         2
 Ensorcelled Hibernation  Hex/Ice        #.....       41%         2
 Poisonous Vapours        Pois/Air       #.....       41%         2
 Slow                     Hex            #.......     41%         2
 Confusing Touch          Hex            #.......     65%         3
 Conjure Flame            Conj/Fire      #.......     65%         3
 Gell's Gravitas          Tloc           #.........   65%         3
 Ignite Poison            Fire/Tmut/Pois #.......     65%         3
 Inner Flame              Hex/Fire       #.......     65%         3
 Mephitic Cloud           Conj/Pois/Air  #.......     65%         3
 Portal Projectile        Hex/Tloc       #.....       65%         3
 Vampiric Draining        Necr           #.........   65%         3
 Animate Dead             Necr           #.........   96%         4
 Cause Fear               Hex            #.........   96%         4
 Leda's Liquefaction      Hex/Erth       #.........   96%         4
 Olgreb's Toxic Radiance  Pois           #.......     96%         4
 Sticky Flame             Conj/Fire      #.......     96%         4
 Agony                    Necr           #.......     100%        5
 Borgnjor's Vile Clutch   Necr/Erth      #.........   100%        5
 Fireball                 Conj/Fire      #.........   100%        5
 Metabolic Englaciation   Hex/Ice        #.........   100%        5
 Silence                  Hex/Air        #.........   100%        5
 Yara's Violent Unravell  Hex/Tmut       #.........   100%        5
 Shadow Creatures         Summ           N/A          100%        6


Dungeon Overview and Level Annotations

Branches:
Dungeon (15/15)            Temple (1/1) D:5            Lair (6/6) D:10
  Swamp (0/4) Lair:3       Shoals (0/4) Lair:4        Slime (0/5) Lair:5
    Orc (2/2) D:10            Elf (0/3) Orc:2        Vaults (0/5) D:13
  Snake: Lair:2-4    Spider: Lair:2-4    Depths: D:15

Altars:
Cheibriados
Elyvilon
Nemelex Xobeh
Qazlal
Ru
Sif Muna
Wu Jian
Yredelemnul
The Shining One
Beogh

Shops:
D:10 *([   Orc:2 [*[?

Annotations:
D:8 2 transporters
D:14 20 runed doors
Lair:1 exclusion: oklob plant
Lair:3 exclusions: 2 death yaks and oklob plant


Innate Abilities, Weirdness & Mutations

You cannot wear most types of armour.
You are very stealthy in the water. (Stealth+)
You are amphibious.
You can wear up to eight rings at the same time.
You can use your tentacles to constrict eight enemies at once.
Your skin changes colour to match your surroundings (Stealth+).
Your rubbery body absorbs attacks. (AC +1, EV +1)
You are somewhat inexperienced. (-2 XL)


Message History

g - Guard the area. f - Follow me.
Anything else - Cancel.
You shout for attention!
You start waiting.
Done waiting.
There are monsters nearby!
You shoot an arrow. The slime creature quivers. x4
The arrow hits the slime creature!
The arrow burns the slime creature.
The slime creature is lightly wounded.
Two slime creatures merge to form a large slime creature.
There is an open door here.
You shoot an arrow. The arrow hits the slime creature!
The arrow burns the slime creature.
The slime creature is moderately wounded.
The slime creature hits you!!
You shoot an arrow. The arrow hits the slime creature!!
The arrow burns the slime creature.
The slime creature is severely wounded.
The slime creature closely misses you.
You shoot an arrow. The arrow hits the slime creature.
The arrow burns the slime creature.
The slime creature is severely wounded.
The slime creature hits you!
You are too injured to fight recklessly!
You are too injured to fight recklessly!
You are too injured to fight recklessly!
Firing (i - inventory. (/) - cycle)
Q - 639 arrows (quivered)
Press: ? - help, Shift-Dir - straight line, f/p - slime creature
Aim: a slime creature (severely wounded)
You shoot an arrow. The arrow hits the slime creature!!
The arrow burns the slime creature!
You kill the slime creature!
Firing (i - inventory. (/) - cycle)
Q - 638 arrows (quivered)
Press: ? - help, Shift-Dir - straight line, f - you Really target yourself?
Okay, then.
A swamp dragon comes into view.
A swamp dragon is nearby!
A swamp dragon is nearby!
You shoot an arrow. The swamp dragon roars deafeningly!
The arrow hits the swamp dragon!!
The arrow burns the swamp dragon.
The swamp dragon is heavily wounded.
The swamp dragon changes into a guardian serpent!
You shoot an arrow. The arrow hits the guardian serpent!!
The arrow burns the guardian serpent!
You kill the guardian serpent!
No target in view!
No target in view!
HP restored.
Q - 639 arrows (gained 3)
Q - 641 arrows (gained 2)
A centaur and a centaur warrior come into view.
You shoot an arrow. The arrow hits the centaur warrior.
The arrow burns the centaur warrior.
The centaur warrior shouts!
The centaur warrior is lightly wounded.
The centaur warrior wields a +0 shortbow.
The centaur warrior shoots an arrow.
The arrow hits you!
You hear a shout! x2
You shoot an arrow. The centaur shouts!
The arrow hits the centaur warrior.
The arrow burns the centaur warrior.
The centaur warrior is lightly wounded.
You shoot an arrow.
The arrow hits the centaur warrior but does no damage.
The centaur warrior is lightly wounded.
The centaur warrior shoots an arrow.
The arrow hits you!!
A kobold demonologist comes into view. It is wielding a +0 dagger.
You are too injured to fight recklessly!
You are too injured to fight recklessly!
You are too injured to fight recklessly!
Firing (i - inventory. (/) - cycle)
Q - 638 arrows (quivered)
Press: ? - help, Shift-Dir - straight line, f/p - centaur warrior
Aim: a centaur warrior, wielding a +0 shortbow and quivering 19 arrows (lightly wounded)
You shoot an arrow. The arrow hits the centaur warrior.
The arrow burns the centaur warrior.
The centaur warrior is moderately wounded.
A centaur comes into view.
The centaur warrior shoots an arrow.
The arrow hits you!!
The centaur warrior shoots an arrow.
The arrow closely misses you.
Firing (i - inventory. (/) - cycle)
Q - 637 arrows (quivered)
Press: ? - help, Shift-Dir - straight line, f/p - centaur warrior
Aim: a centaur warrior, wielding a +0 shortbow and quivering 17 arrows (moderately wounded)
You shoot an arrow. The arrow hits the centaur warrior!
The arrow burns the centaur warrior.
The centaur warrior is heavily wounded.
The centaur warrior shoots an arrow.
The arrow hits you!
* * * LOW HITPOINT WARNING * * *
Firing (i - inventory. (/) - cycle)
Q - 636 arrows (quivered)
Press: ? - help, Shift-Dir - straight line, f/p - centaur warrior
Aim: a centaur warrior, wielding a +0 shortbow and quivering 16 arrows (heavily wounded)
You shoot an arrow.
The arrow barely misses the centaur warrior.
The arrow hits the centaur!
The arrow burns the centaur.
The centaur is severely wounded.
The centaur warrior shoots an arrow.
The arrow hits you!
* * * LOW HITPOINT WARNING * * *
Are you sure you want to abandon this character and quit the game? (Confirm with "yes".)

##.## #.#....#..#....
##...## #.#...#....##).
#.....######.#..#.....##..
#.....#.....##.#..........
#
##...######.##............
#. ##.## #..#######.#####
...
#..######.#.####.######.
J..
##...##(.###............ J
.J ##..##@#.#.###...####..
#(##.###.#..###.....# #.#
#.....#....## ##...## #.#
#..#.###.### ##.## #.#
###### #.# #.# #.# #c# #.#
#..


Kcc ##'## #.# #.# ##...####.. ##<....##..# You could see a centaur warrior, a
kobold demonologist and 2 centaurs.

Vanquished Creatures
  Gastronok (D:11)
  Frances (D:14)
  An orc warlord (Orc:2)
  Snorg (D:10)
  Josephine (D:10)
  A rakshasa (D:14)
  A vault guard (D:13)
  An anaconda (Lair:6)
  3 centaur warriors
  2 tengu warriors (D:13)
  Erica (D:10)
  8 two-headed ogres
  Urug (D:10)
  4 orc high priests
  A death drake (Lair:5)
  2 unseen horrors
  A wizard (D:15)
  Pikel (D:8)
  A harpy (shapeshifter) (D:14)
  An orb spider (shapeshifter) (D:13)
  A wolf spider zombie (D:13)
  5 orc knights
  2 deep elf magi
  3 ugly things
  A manticore (D:14)
  3 orc sorcerers
  5 cyclopes
  A guardian serpent (shapeshifter) (D:15)
  3 black mambas
  A torpor snail (Lair:5)
  A centaur zombie (D:12)
  12 elephants
  Psyche (D:10)
  A gargoyle (D:13)
  6 centaur skeletons
  17 cane toads
  A kobold demonologist (D:13)
  11 komodo dragons
  Maggie (D:7)
  A yaktaur (D:15)
  2 rime drakes (Lair:6)
  A tengu conjurer (D:13)
  10 trolls
  A hornet (D:8)
  3 polar bears
  A hornet (shapeshifter) (D:15)
  A raiju (shapeshifter) (D:15)
  Grinder (D:5)
  A slime creature (D:15)
  7 blink frogs (Lair:4)
  16 dream sheep
  2 centaur simulacra (D:15)
  A shadow (D:11)
  4 wraiths
  Sigmund (D:3)
  A water elemental (D:14)
  33 yaks
  5 wyverns
  6 basilisks
  A basilisk (shapeshifter) (D:15)
  A steam dragon (Lair:3)
  3 vampire mosquitoes (D:14)
  3 wargs (D:10)
  A soldier ant (D:13)
  Menkaure (D:5)
  15 water moccasins
  2 acid dragons
  Duvessa (D:5)
  45 orc warriors
  4 black bears
  3 sky beasts
  2 eyes of draining
  6 ice beasts
  An eye of draining (shapeshifter) (D:13)
  18 ogres
  5 necrophages
  10 wolves
  7 boggarts (D:15)
  19 centaurs
  2 lemures (D:8)
  3 big kobolds
  13 bullfrogs
  A gnoll sergeant (Orc:2)
  A wyvern zombie (D:7)
  Dowan (D:5)
  4 scorpions
  2 water moccasin skeletons
  A killer bee (D:10)
  10 wights
  3 electric eels
  8 howler monkeys
  3 bullfrog zombies
  A wyvern simulacrum (D:14)
  5 hounds
  7 jellies
  3 bullfrog skeletons
  35 orc priests
  2 iguanas
  25 orc wizards
  6 worker ants
  7 hell rats (Lair:5)
  A hound skeleton (D:10)
  A hound zombie (D:5)
  2 worker ant zombies
  15 adders
  2 shadow imps
  A white imp (D:6)
  2 ufetubi (D:5)
  3 oozes
  An adder skeleton (D:5)
  A worm (D:6)
  2 dart slugs
  4 leopard geckos
  146 orcs
  2 ball pythons
  8 giant cockroaches
  3 hobgoblins
  14 jackals
  5 quokkas
  5 bats
  6 frilled lizards
  7 goblins
  A jackal zombie (D:5)
  16 kobolds
  A quokka skeleton (D:4)
  A quokka zombie (D:7)
  3 rats
752 creatures vanquished.

Vanquished Creatures (collateral kills)
  An elephant (Lair:4)
1 creature vanquished.

Vanquished Creatures (others)
  A dire elephant (Lair:6)
  A centaur warrior (D:12)
  An orc sorcerer (Orc:2)
  A wraith (D:12)
  A water moccasin (Lair:6)
  2 wights (D:12)
  An orc (Orc:2)
  102 fungi
  134 plants
244 creatures vanquished.

Grand Total: 997 creatures vanquished

Notes
Turn   | Place    | Note
-------+----------+-------------------------------------------
     0 | D:5      | EnegeticOcto the Octopode Delver began the quest for the
                  | Orb.
     0 | D:5      | Reached XP level 1. HP: 16/16 MP: 1/1
    69 | D:4      | Noticed a worker ant
    98 | D:4      | Reached XP level 2. HP: 21/21 MP: 2/2
   100 | D:4      | Noticed an ogre
   114 | D:4      | Noticed an ogre
   200 | D:4      | Reached skill level 4 in Fighting
   200 | D:4      | Reached XP level 3. HP: 27/27 MP: 3/3
   201 | D:4      | Noticed a phantom
   213 | D:3      | Noticed Sigmund
   465 | D:1      | Reached skill level 1 in Throwing
   673 | D:1      | Reached XP level 4. HP: 34/34 MP: 4/4
   969 | D:2      | Reached skill level 2 in Throwing
  1248 | D:2      | Found a white marble altar of Elyvilon.
  1248 | D:2      | Found a snail-covered altar of Cheibriados.
  1263 | D:2      | Became a worshipper of Elyvilon the Healer
  1533 | D:3      | Reached skill level 3 in Throwing
  1533 | D:3      | Reached XP level 5. HP: 38/38 MP: 5/5
  1599 | D:3      | Reached * piety under Elyvilon
  1635 | D:3      | Killed Sigmund
  1635 | D:3      | Reached skill level 5 in Fighting
  1635 | D:3      | Reached skill level 7 in Stealth
  1635 | D:3      | Reached XP level 6. HP: 35/45 MP: 6/6
  2078 | D:3      | Reached skill level 4 in Throwing
  2718 | D:4      | Reached XP level 7. HP: 50/50 MP: 7/7
  2800 | D:4      | Reached skill level 1 in Invocations
  2840 | D:4      | Reached skill level 8 in Stealth
  3037 | D:4      | Reached skill level 2 in Invocations
  3110 | D:5      | Noticed Duvessa
  3110 | D:5      | Noticed Dowan
  3140 | D:5      | Found a staircase to the Ecumenical Temple.
  3178 | Temple   | Entered the Ecumenical Temple
  3498 | D:5      | Found a glowing golden altar of the Shining One.
  3499 | D:5      | Found a shimmering blue altar of Sif Muna.
  3499 | D:5      | Found a sparkling altar of Nemelex Xobeh.
  3541 | D:5      | Reached skill level 6 in Fighting
  3541 | D:5      | Reached skill level 5 in Throwing
  3541 | D:5      | Reached XP level 8. HP: 43/57 MP: 10/10
  3544 | D:5      | Reached skill level 3 in Invocations
  3614 | D:5      | Noticed Menkaure
  3641 | D:5      | Killed Menkaure
  3641 | D:5      | Reached skill level 3 in Short Blades
  4355 | D:5      | Reached skill level 4 in Invocations
  4416 | D:5      | Reached skill level 4 in Short Blades
  4439 | D:5      | Reached ** piety under Elyvilon
  4618 | D:5      | Noticed Grinder
  4687 | D:5      | Killed Grinder
  4687 | D:5      | Reached skill level 5 in Short Blades
  4687 | D:5      | Reached skill level 6 in Throwing
  4875 | D:5      | Reached skill level 6 in Short Blades
  4944 | D:5      | Found an ornate altar of the Wu Jian Council.
  5006 | D:5      | Killed Duvessa
  5006 | D:5      | Reached XP level 9. HP: 62/62 MP: 12/12
  5011 | D:5      | Killed Dowan
  5334 | D:6      | Noticed a two-headed ogre
  5341 | D:6      | Killed a two-headed ogre
  5341 | D:6      | Reached skill level 8 in Short Blades
  5380 | D:6      | Reached *** piety under Elyvilon
  5926 | D:7      | Reached skill level 9 in Short Blades
  6488 | D:7      | Noticed Maggie
  6495 | D:7      | Killed Maggie
  6495 | D:7      | Reached skill level 10 in Short Blades
  6507 | D:7      | Reached XP level 10. HP: 68/68 MP: 13/13
  7528 | D:8      | Noticed Pikel
  7557 | D:8      | Killed Pikel
  7557 | D:8      | Reached skill level 1 in Shields
  7704 | D:8      | Found a transporter.
  7725 | D:8      | Found a transporter.
  7748 | D:8      | Reached **** piety under Elyvilon
  7818 | D:8      | Noticed a kobold demonologist
  8376 | D:9      | Found a stormy altar of Qazlal.
  8718 | D:9      | Reached skill level 3 in Dodging
  8718 | D:9      | Reached skill level 2 in Shields
  9265 | D:9      | Reached skill level 11 in Short Blades
  9369 | D:10     | Entered Level 10 of the Dungeon
  9513 | D:10     | Reached skill level 5 in Invocations
  9520 | D:10     | Noticed Urug
  9532 | D:10     | HP: 1/67 [Urug/+0 halberd of protection (22)]
  9536 | D:10     | Noticed Psyche
  9765 | D:10     | Killed Psyche
  9912 | D:10     | Found Worauli's Demolitions Depot.
  9960 | D:10     | Bought a wand of flame (17) for 123 gold pieces
  9960 | D:10     | Bought a wand of acid (4) for 208 gold pieces
  9960 | D:10     | Bought a scroll of immolation for 45 gold pieces
  9971 | D:10     | Noticed Erica
  9980 | D:10     | Killed Erica
  9980 | D:10     | Reached XP level 11. HP: 54/72 MP: 13/15
  9983 | D:10     | Reached skill level 3 in Shields
 10385 | D:10     | Noticed Snorg
 10401 | D:10     | Killed Snorg
 10401 | D:10     | Reached skill level 7 in Fighting
 10401 | D:10     | Reached skill level 7 in Throwing
 10401 | D:10     | Reached skill level 4 in Dodging
 10425 | D:10     | Reached ***** piety under Elyvilon
 10838 | D:10     | Killed Urug
 11104 | D:10     | Found Yfixoix's Weapon Shoppe.
 11105 | D:10     | Reached skill level 6 in Invocations
 11321 | D:10     | Found a staircase to the Orcish Mines.
 11329 | D:10     | Found Fonnebix's Armour Shoppe.
 11364 | D:10     | Noticed an eight-headed hydra
 11366 | D:10     | Pacified an eight-headed hydra
 11709 | D:10     | Found a staircase to the Lair.
 11929 | D:11     | Reached skill level 4 in Shields
 12281 | D:11     | Reached skill level 12 in Short Blades
 12292 | D:11     | Reached skill level 1 in Evocations
 12676 | D:11     | Noticed a cyclops
 12679 | D:11     | Killed a cyclops
 12679 | D:11     | Reached skill level 5 in Dodging
 13409 | D:11     | Reached skill level 2 in Evocations
 13614 | D:11     | Reached XP level 12. HP: 79/79 MP: 15/17
 13646 | D:11     | Noticed Gastronok
 14909 | Lair:1   | Entered Level 1 of the Lair of Beasts
 14944 | Lair:1   | Reached skill level 8 in Fighting
 14944 | Lair:1   | Reached skill level 5 in Shields
 15034 | Lair:1   | Learned a level 4 spell: Petrify
 15113 | Lair:1   | Noticed Sonja
 15120 | Lair:1   | Noticed Sonja
 15120 | Lair:1   | Sonja changed into Sonja the black bear
 15124 | Lair:1   | Killed Sonja the black bear
 15124 | Lair:1   | Reached skill level 3 in Evocations
 15199 | Lair:1   | Learned a level 2 spell: Blink
 15209 | Lair:1   | Reached skill level 7 in Invocations
 15937 | Lair:2   | Reached skill level 6 in Dodging
 16479 | Lair:3   | Reached ****** piety under Elyvilon
 16897 | Lair:3   | Reached skill level 4 in Evocations
 17262 | Lair:3   | Reached skill level 13 in Short Blades
 17471 | Lair:3   | Noticed a death yak
 17587 | Lair:3   | Found a staircase to the Swamp.
 17886 | Lair:3   | Noticed a death yak
 17954 | Lair:3   | Reached skill level 6 in Shields
 18399 | Lair:4   | Reached skill level 8 in Invocations
 18807 | Lair:4   | Noticed a five-headed hydra
 18808 | Lair:4   | Pacified a five-headed hydra
 18808 | Lair:4   | Reached XP level 13. HP: 87/87 MP: 19/19
 19462 | Lair:4   | Reached skill level 9 in Fighting
 19552 | Lair:4   | Reached skill level 7 in Dodging
 19570 | Lair:4   | Found a staircase to the Shoals.
 20393 | Lair:4   | Reached skill level 7 in Shields
 20588 | Lair:4   | Reached skill level 14 in Short Blades
 21366 | Lair:5   | Reached skill level 8 in Dodging
 21616 | Lair:5   | Reached skill level 10 in Fighting
 21622 | Lair:5   | Reached skill level 8 in Shields
 21965 | Lair:5   | Noticed Nessos
 21970 | Lair:5   | Noticed Nessos
 21970 | Lair:5   | Nessos changed into Nessos the death drake
 21982 | Lair:5   | Killed Nessos the death drake
 22929 | Lair:5   | Reached skill level 1 in Bows
 23272 | Lair:5   | Found a staircase to the Slime Pits.
 23613 | Lair:5   | Reached skill level 2 in Bows
 24035 | Lair:6   | Entered Level 6 of the Lair of Beasts
 24253 | Lair:6   | Reached skill level 3 in Bows
 24336 | Lair:6   | Reached XP level 14. HP: 71/99 MP: 20/20
 24614 | Lair:6   | Reached skill level 4 in Bows
 25044 | Lair:6   | Reached skill level 5 in Bows
 25044 | Lair:6   | Reached skill level 9 in Invocations
 25654 | Lair:6   | Noticed a dire elephant
 25654 | Lair:6   | Noticed a dire elephant
 25655 | Lair:6   | Pacified a dire elephant
 25656 | Lair:6   | Pacified a dire elephant
 25715 | Lair:6   | Noticed a dire elephant
 25716 | Lair:6   | Pacified a dire elephant
 25751 | Lair:6   | Killed a dire elephant
 25811 | Lair:6   | Noticed a dire elephant
 25815 | Lair:6   | Pacified a dire elephant
 25820 | Lair:6   | Noticed a dire elephant
 25822 | Lair:6   | Pacified a dire elephant
 25822 | Lair:6   | Reached skill level 6 in Bows
 25953 | Lair:6   | Noticed a dire elephant
 25956 | Lair:6   | Pacified a dire elephant
 26508 | D:11     | Killed Gastronok
 26508 | D:11     | Reached skill level 7 in Bows
 27719 | Orc:1    | Entered Level 1 of the Orcish Mines
 27722 | Orc:1    | Reached skill level 10 in Invocations
 27931 | Orc:1    | Noticed Josephine
 28180 | D:10     | Reached skill level 8 in Bows
 28380 | D:10     | Killed Josephine
 29207 | Orc:2    | Entered Level 2 of the Orcish Mines
 29635 | Orc:2    | Reached skill level 9 in Bows
 30521 | Orc:2    | Reached skill level 10 in Bows
 31057 | Orc:2    | Found a roughly hewn altar of Beogh.
 31122 | Orc:2    | Found Qeel's Antique Armour Boutique.
 31126 | Orc:2    | Reached XP level 15. HP: 103/103 MP: 22/22
 31136 | Orc:2    | Found Eruysuun's Magic Scroll Shop.
 31144 | Orc:2    | Bought a scroll of teleportation for 42 gold pieces
 31144 | Orc:2    | Bought a scroll of enchant weapon for 105 gold pieces
 31537 | Orc:2    | Found a staircase to the Elven Halls.
 32303 | Orc:1    | Reached skill level 11 in Bows
 33426 | Orc:2    | Noticed an orc warlord
 33442 | Orc:2    | Killed an orc warlord
 34713 | Orc:2    | Found Fiyc's Antique Armour Boutique.
 34744 | Orc:2    | Found a roughly hewn altar of Beogh.
 35254 | Orc:2    | Found Piydieti's Assorted Antiques.
 35266 | Orc:2    | Bought a potion of heal wounds for 125 gold pieces
 35582 | D:13     | Reached skill level 12 in Bows
 36759 | D:13     | Found a gate to the Vaults.
 37105 | D:14     | Noticed Frances
 38773 | D:14     | Reached skill level 13 in Bows
 39460 | D:14     | Killed Frances
 39520 | D:14     | Found a huge runed gate.
 39520 | D:14     | Found a huge runed gate.
 39520 | D:14     | Found a huge runed gate.
 39520 | D:14     | Found a huge runed gate.
 39901 | Temple   | Fell from the grace of Elyvilon
 39901 | Temple   | Became a worshipper of Ru the Awakened
 40277 | D:14     | Found a huge runed gate.
 40277 | D:14     | Found a huge runed gate.
 40283 | D:14     | Found a huge runed gate.
 40289 | D:14     | Found a huge runed gate.
 40304 | D:14     | Found a huge runed gate.
 40545 | D:14     | Found a huge runed gate.
 40545 | D:14     | Found a huge runed gate.
 40545 | D:14     | Found a huge runed gate.
 40545 | D:14     | Found a huge runed gate.
 40545 | D:14     | Found a huge runed gate.
 40545 | D:14     | Found a huge runed gate.
 40545 | D:14     | Found a huge runed gate.
 40725 | D:14     | Found a huge runed gate.
 40725 | D:14     | Found a huge runed gate.
 40725 | D:14     | Found a huge runed gate.
 40725 | D:14     | Found a huge runed gate.
 40749 | D:15     | Entered Level 15 of the Dungeon
 41071 | D:15     | Reached skill level 14 in Bows
 42117 | D:15     | Gained mutation: You are somewhat inexperienced. (-2 XL)
                  | [Ru sacrifice]
 42117 | D:15     | Reached XP level 14. HP: 44/99 MP: 21/21
 42117 | D:15     | Reached XP level 13. HP: 44/92 MP: 20/20
 42117 | D:15     | Reached * piety under Ru
 42117 | D:15     | Reached ** piety under Ru
 42326 | D:15     | Noticed an entropy weaver
 42332 | D:15     | Noticed a fire giant
 42332 | D:15     | an entropy weaver changed into a fire giant
 42343 | D:15     | Noticed a fenstrider witch
 42343 | D:15     | a fire giant changed into a fenstrider witch
 42345 | D:15     | a fenstrider witch changed into an iron troll
 42350 | D:15     | Noticed a stone giant
 42351 | D:15     | a stone giant changed into an iron troll
 43168 | D:15     | Quit the game

Illustrated notes

Levels and vault maps discovered:
D:1:      lemuel_arrival_funnel, layout_rooms, serial_glass, glass_columns_b,
          glass_columns_a, glass_columns_a, glass_columns_b
D:2:      layout_basic, amethyst_overflow_temple_binary
D:3:      layout_basic, moated_statue, uniq_sigmund
D:4:      layout_loops_cross
D:5:      layout_loops_ring, chequers_temple_overflow_statue_of_worship,
          kennysheep_mini, minmay_temple_entry_wispy, uniq_grinder,
          uniq_duvessa, uniq_menkaure
D:6:      layout_basic
D:7:      layout_basic, lightli_minifort, uniq_maggie
D:8:      gammafunk_wand_slinger, layout_loops_ring, uniq_pikel
D:9:      layout_basic, nicolae_qazlal_general_emergency
D:10:     layout_stronghold, grunt_lair_entry_orc_guard_hut, orc_david_3,
          nicolae_blasting_shop, uniq_erica, uniq_snorg, uniq_urug, uniq_psyche
D:11:     layout_loops_ring, uniq_gastronok
D:12:     layout_rooms, hangedman_abyss_or_decor_slice
D:13:     layout_irregular_city, david_vaults_5
D:14:     layout_big_octagon, hex_tiny, not_door_vault_due, uniq_frances
D:15:     gammafunk_enter_depths_forms, layout_loops_corners, serial_shops,
          nicolae_shop_waterfront, hangedman_decor_opposing, minmay_starry_boxes
Temple:   regret_index_temple_waves
Lair:1:   dpeg_oklob_gauntlet, layout_regular_city, uniq_sonja
Lair:2:   layout_regular_city, serial_bayou_shore_a
Lair:3:   minmay_lair_venomous_thicket, layout_cave_pods, swamp_mist
Lair:4:   layout_small_grid, minmay_shoals_entry_centaurs, serial_bayou_shore_b
Lair:5:   layout_cave_pods, nicolae_slime_entry_slimehenge, uniq_nessos
Lair:6:   due_jungle_book, layout_loops_ring
Orc:1:    layout_caves, uniq_josephine
Orc:2:    pubby_orc_utopia

Skill      XL: |  1  2  3  4  5  6  7  8  9 10 11 12 13 14 15 |
---------------+----------------------------------------------+-----
Fighting       | 4 5 6 7 8 10 | 10.0
Throwing       | 1 3 4 5 6 7 |  7.4
Stealth        | 7 8 |  8.0
Invocations    | 2 4 5 6 8 10 | 10.0
Short Blades   | 6 10 11 12 13 14 | 14.0
Shields        | 2 4 6 8 |  8.4
Dodging        | 3 5 6 8 |  8.0
Evocations     | 2 4 |  4.0
Bows           | 3 10 14 | 14.6

Action                   |  1- 3 |  4- 6 |  7- 9 | 10-12 | 13-15 || total
-------------------------+-------+-------+-------+-------+-------++-------
Melee: Short sword       |    25 |    75 |    97 |       |       ||   197
       Tentacles         |     5 |    10 |    33 |   121 |   282 ||   451
       Constrict         |     7 |    16 |    32 |    80 |   116 ||   251
       Rapier            |       |       |    67 |   548 |  1022 ||  1637
 Fire: Longbow           |       |       |       |       |   578 ||   578
Throw: Dart              |       |    15 |    41 |    21 |    23 ||   100
       Boomerang         |       |       |    34 |   121 |   121 ||   276
Invok: Lesser Healing    |       |       |     3 |     5 |    39 ||    47
       Heal Other        |       |       |       |     3 |    23 ||    26
       Greater Healing   |       |       |       |     1 |    17 ||    18
       Sacrifice Experie |       |       |       |       |     1 ||     1
Evoke: Wand              |     1 |       |       |    14 |    25 ||    40
       Box of beasts     |       |       |       |       |     2 ||     2
  Use: Scroll            |     1 |     7 |     5 |    14 |     8 ||    35
       Potion            |       |     1 |     1 |       |     3 ||     5
 Stab: Sleeping          |    10 |    22 |    17 |    39 |    46 ||   134
       Distracted        |       |     1 |     2 |     2 |     1 ||     6
       Invisible         |       |       |     2 |     1 |       ||     3
       Paralysed         |       |       |       |     2 |     2 ||     4
Armor: Skin              |     1 |     4 |     3 |     6 |    31 ||    45
Dodge: Dodged            |     8 |    29 |    79 |   144 |   593 ||   853
Block: Buckler           |     2 |     5 |    14 |     1 |       ||    22
       Kite shield       |       |       |       |   115 |   483 ||   598
       Other             |       |       |       |       |    44 ||    44
       Reflection        |       |       |       |       |    10 ||    10

Table legend: (Time is in decaauts)
 A = Elapsed time spent in this place.
 B = Non-inter-level travel time spent in this place.
 C = Inter-level travel time spent in this place.
 D = Time resting spent in this place.
 E = Time spent auto-exploring this place.
 F = Levels seen in this place.
 G = Mean time per level.
                   A        B        C        D        E       F      G
               +--------+--------+--------+--------+--------+-----+--------+
         Total |  42652 |  40243 |   2409 |   7740 |  26652 |  24 | 1777.2 |
       Dungeon |  24739 |  23246 |   1493 |   5081 |  14683 |  15 | 1649.3 |
        Temple |    294 |    280 |     14 |    274 |      0 |   1 |  294.0 |
          Lair |  11087 |  10335 |    752 |    553 |   8350 |   6 | 1847.8 |
  Orcish Mines |   6530 |   6381 |    149 |   1832 |   3618 |   2 | 3265.0 |
               +--------+--------+--------+--------+--------+-----+--------+

Top non-repeatable levels by time:
   Orc:2: 5522 daAuts
    D:10: 3780 daAuts
    D:13: 3619 daAuts
    D:11: 3204 daAuts
  Lair:4: 2521 daAuts
  Lair:5: 2422 daAuts
    D:15: 2417 daAuts
  Lair:3: 2317 daAuts
  Lair:6: 2146 daAuts
     D:5: 1711 daAuts
     D:7: 1530 daAuts
    D:14: 1385 daAuts
     D:8: 1178 daAuts
     D:9: 1091 daAuts
    D:12: 1072 daAuts
